 Dungeon Crawl Stone Soup version 0.29.0-4-gdea44cf6ec (webtiles) character file.

Game seed: 10055843806068563527

4842 qw the Grappler (level 10, -6/95 (96) HPs)
             Began as a Troll Cinder Acolyte on Aug 31, 2022.
             Was a Priest of Ignis.
             Splashed by a brown ugly thing's acid (9 damage)
             ... on level 9 of the Dungeon.
             The game lasted 00:04:19 (6793 turns).

qw the Grappler (Troll Cinder Acolyte)              Turns: 6793, Time: 00:04:20

HP:   -6/95 (96)    AC: 13    Str: 28    XL:     10   Next: 25%
MP:   10/10         EV:  9    Int: 10    God:    Ignis [***...]
Gold: 504           SH:  5    Dex:  5    Spells: 11/11 levels left

rFire   + . .      SeeInvis .     - Unarmed
rCold   . . .      Faith    .   (no shield)
rNeg    + . .      Spirit   .   u - +0 steam dragon scales
rPois   +          Reflect  +   (helmet restricted)
rElec   .          Harm     .   c - +0 cloak {Will+}
rCorr   .          Rampage  .   (gloves unavailable)
Will    +....                   (boots unavailable)
Stlth   +.........              d - amulet of reflection
HPRegen 1.05/turn               j - ring of positive energy
MPRegen 0.12/turn               l - ring of poison resistance

@: corroded, fiery-armoured, lightly drained
A: large, unfitting armour, claws 3, regeneration 1, shaggy fur 1, tough skin 1,
iridescent scales 1, MP-powered wands
a: Renounce Religion, Fiery Armour, Foxfire Swarm, Rising Flame


You were on level 9 of the Dungeon.
You worshipped Ignis.
Ignis was most pleased with you.
You visited 1 branch of the dungeon, and saw 9 of its levels.

You collected 806 gold pieces.
You spent 302 gold pieces at shops.


Innate Abilities, Weirdness & Mutations

You are too large for most types of armour.
You have claws for hands.
Your natural rate of healing is unusually fast.
You are covered in fur. (AC +1)
You have tough skin. (AC +1)
You are partially covered in iridescent scales. (AC +2)
You expend magic power (3 MP) to strengthen your wands.


   Skills:
 - Level 5.2 Fighting
 - Level 3.0 Throwing
 - Level 2.0 Armour
 - Level 1.1 Dodging
 + Level 13.4 Unarmed Combat
 - Level 1.0 Spellcasting
 - Level 2.1 Fire Magic


You had 11 spell levels left.
You didn't know any spells.
Your spell library contained the following spells:

 Spells                   Type           Power      Damage    Failure   Level
 Scorch                   Fire           8%         2d5       22%         2

Inventory:

Missiles
 g - 3 silver boomerangs
 p - 7 boomerangs
 t - 3 javelins (quivered)
Armour
 c - a +0 cloak of willpower (worn)
 u - +0 steam dragon scales (worn)
Jewellery
 d - an amulet of reflection (around neck)
 j - a ring of positive energy (left claw)
 l - a ring of poison resistance (right claw)
Scrolls
 a - a scroll of noise {unknown}
 b - 2 scrolls of identify
Potions
 e - 3 potions of curing
 f - 2 potions of might
 h - a potion of mutation
 i - 2 potions of cancellation
 s - a potion of haste

Dungeon Overview and Level Annotations

Branches:
Dungeon (9/15)             Temple (0/1) D:4
   Lair: D:8-11         Orc: D:9-12

Altars:
Kikubaaqudgha
Xom
Yredelemnul

Shops:
D:2 *   D:3 =


Message History

The wight attacks as you move away! The wight misses you.
The brown ugly thing gurgles horribly!
The fire elemental barely misses you.
You scratch the wight.
You destroy the wight!
The fire elemental closely misses you. The fire elemental hits you.
The fire elemental burns you! You resist.
The fire elemental completely resists.
You scratch the fire elemental.
The fire elemental is lightly damaged.
The fire elemental hits you. The fire elemental burns you! You resist.
You claw the fire elemental!
The fire elemental is severely damaged.
The fire elemental hits you. The fire elemental burns you! You resist.
The fire elemental hits you. The fire elemental burns you! You resist.
The fire elemental completely resists.
The deep elf pyromancer casts a spell.
The deep elf pyromancer blinks!
You claw the fire elemental!
The fire elemental is almost destroyed.
The fire elemental hits you. The fire elemental burns you! You resist.
The fire elemental completely resists.
The fire elemental hits you. The fire elemental burns you! You resist.
The fire elemental completely resists.
The fire elemental hits you. The fire elemental burns you! You resist.
The fire elemental completely resists.
You mangle the fire elemental!!
You destroy the fire elemental!
The fire elemental disappears in a puff of smoke!
You mangle the brown ugly thing!!
The brown ugly thing is moderately wounded.
The fire elemental hits you. The fire elemental burns you! You resist.
You block the brown ugly thing's attack.
You mangle the brown ugly thing!!
The brown ugly thing is severely wounded.
The fire elemental barely misses you.
You mangle the deep elf pyromancer!!
You kill the deep elf pyromancer!
The fire elemental disappears in a puff of smoke!
The brown ugly thing pecks you! The acid corrodes you!
You are splashed with acid!
You die...

#.#########.### #.....#
#.##.....~~.~~###.###.#
#o##.#...~#'#~.........
#.##.#'#..'_'..##.###.#
#.##.....~#+#~##....
#.##.....~~.~~##..###
#.##..¤.....#......
#.).¤)¤)....'......
#####)@u..###......#
#.....# #......#
#.....# #......
#########.....##
...............#
...............#
...............#
...........#####
).............# ...


You could see a brown ugly thing.

Vanquished Creatures
  A deep elf pyromancer (D:9)
  Maurice (D:8)
  Joseph (D:8)
  A troll (D:9)
  A hornet (D:8)
  Sigmund (D:1)
  A steam dragon (D:7)
  An acid dragon (D:9)
  2 water moccasins
  2 ice beasts (D:7)
  A sky beast (D:7)
  2 ogres
  A centaur (D:8)
  6 kobold brigands
  Blork the orc (D:6)
  A gnoll sergeant (D:9)
  5 bullfrogs
  3 necrophages
  3 scorpions
  10 wights
  3 killer bees (D:9)
  3 hounds
  3 orc priests
  A jelly (D:6)
  Jessica (D:3)
  5 iguanas
  Ijyb (D:3)
  Terence (D:2)
  5 orc wizards
  Robin (D:4)
  6 gnolls
  3 adders
  A shadow imp (D:5)
  2 white imps
  A worm (D:4)
  4 dart slugs
  14 orcs
  8 ball pythons
  6 bats
  10 endoplasms
  2 giant cockroaches
  16 goblins
  17 hobgoblins
  5 jackals
  7 quokkas
  5 frilled lizards
  29 kobolds
  A rat (D:2)
206 creatures vanquished.

Vanquished Creatures (others)
  A kobold (D:9)
  4 toadstools (D:2)
5 creatures vanquished.

Grand Total: 211 creatures vanquished

Notes
Turn   | Place    | Note
-------+----------+-------------------------------------------
     0 | D:1      | qw the Troll Cinder Acolyte began the quest for the Orb.
     0 | D:1      | Reached XP level 1. HP: 22/22 MP: 1/1
     0 | D:1      | 0 ||| qw: Version: 0.1-a-97-g2dd2ca4
     0 | D:1      | 0 ||| qw: Game counter: 4528
     0 | D:1      | 0 ||| qw: Always use a shield: true
     0 | D:1      | 0 ||| qw: God list: Okawaru
     0 | D:1      | 0 ||| qw: Allow faded altars: false
     0 | D:1      | 0 ||| qw: Do Orc after D:15 true
     0 | D:1      | 0 ||| qw: Do second Lair branch before Depths: true
     0 | D:1      | 0 ||| qw: Lair rune preference: random
     0 | D:1      | 0 ||| qw: Plans: Normal
     0 | D:1      | 0 ||| PLANNING D:1-11
    42 | D:1      | Reached XP level 2. HP: 29/29 MP: 2/2
    94 | D:1      | Reached skill level 4 in Unarmed Combat
   124 | D:1      | 124 ||| Stepping ~*~*~tactically~*~*~ (stealth).
   164 | D:1      | Reached XP level 3. HP: 36/36 MP: 3/3
   220 | D:1      | 220 ||| Stepping ~*~*~tactically~*~*~ (hiding).
   221 | D:1      | 221 ||| Stepping ~*~*~tactically~*~*~ (hiding).
   621 | D:1      | 621 ||| READING scroll labelled VOMUJO CYUC.
   622 | D:1      | 622 ||| READING scroll labelled BINAAH GAIZYM.
   623 | D:1      | 623 ||| READING scroll labelled KYAFRU URPHIE.
   641 | D:1      | 641 ||| READING scroll labelled ITIZAOZ FAAM.
   658 | D:2      | Noticed Sigmund
   659 | D:2      | 659 ||| STAIRDANCE
   684 | D:1      | HP: 9/36 [something/puff of flame (6)]
   688 | D:1      | Killed Sigmund
   689 | D:1      | Reached skill level 6 in Unarmed Combat
   689 | D:1      | Reached XP level 4. HP: 14/44 MP: 4/4
   689 | D:1      | Reached XP level 5. HP: 16/50 MP: 5/5
   917 | D:2      | Found Zewnirak's General Store.
   925 | D:2      | 925 ||| BUYING scroll of identify (22 gold).
   925 | D:2      | Bought a scroll of identify for 22 gold pieces
   966 | D:2      | 966 ||| Stepping ~*~*~tactically~*~*~ (stealth).
   971 | D:2      | 971 ||| Stepping ~*~*~tactically~*~*~ (stealth).
   972 | D:2      | 972 ||| Stepping ~*~*~tactically~*~*~ (stealth).
  1029 | D:2      | Noticed Terence
  1036 | D:2      | 1036 ||| Stepping ~*~*~tactically~*~*~ (stealth).
  1037 | D:2      | Killed Terence
  1042 | D:2      | 1042 ||| Stepping ~*~*~tactically~*~*~ (stealth).
  1079 | D:2      | 1079 ||| DRINKING 2 fizzy cyan potions.
  1079 | D:2      | Gained mutation: You are partially covered in iridescent
                  | scales. (AC +2) [potion of mutation]
  1079 | D:2      | Gained mutation: You expend magic power (3 MP) to
                  | strengthen your wands. [potion of mutation]
  1140 | D:2      | 1140 ||| Stepping ~*~*~tactically~*~*~ (hiding).
  1386 | D:2      | 1386 ||| UPGRADING to ring of positive energy.
  1387 | D:2      | 1387 ||| READING scroll labelled EKHAGG ZOABB.
  1388 | D:2      | 1388 ||| DRINKING 2 fuming dark potions.
  1389 | D:2      | 1389 ||| READING 2 scrolls of identify.
  1389 | D:2      | 1389 ||| IDENTIFYING lumpy cyan potion
  1390 | D:2      | 1390 ||| DROPPING potion of magic.
  1391 | D:2      | 1391 ||| DROPPING potion of attraction.
  1492 | D:3      | 1492 ||| Stepping ~*~*~tactically~*~*~ (stealth).
  1493 | D:3      | 1493 ||| Stepping ~*~*~tactically~*~*~ (stealth).
  1511 | D:3      | 1511 ||| Stepping ~*~*~tactically~*~*~ (stealth).
  1515 | D:3      | 1515 ||| Stepping ~*~*~tactically~*~*~ (stealth).
  1563 | D:3      | Noticed Ijyb
  1570 | D:3      | Killed Ijyb
  1571 | D:3      | Reached XP level 6. HP: 59/59 MP: 6/6
  1615 | D:3      | Found Pipongui's Jewellery Emporium.
  1620 | D:3      | 1620 ||| SHOPLISTING +4 ring of protection (504 gold, have
                  | 282).
  1620 | D:3      | 1620 ||| SHOPLISTING +4 ring of slaying (1092 gold, have
                  | 282).
  1620 | D:3      | 1620 ||| SHOPLISTING +6 ring of strength (504 gold, have
                  | 282).
  1620 | D:3      | 1620 ||| SHOPLISTING ring of fire (350 gold, have 282).
  1620 | D:3      | 1620 ||| BUYING ring of poison resistance (280 gold).
  1620 | D:3      | Bought a ring of poison resistance for 280 gold pieces
  1620 | D:3      | 1620 ||| SHOPLISTING ring of protection from cold (350
                  | gold, have 2).
  1620 | D:3      | 1620 ||| SHOPLISTING ring of see invisible (210 gold, have
                  | 2).
  1849 | D:3      | Reached skill level 1 in Throwing
  1961 | D:3      | Noticed Jessica
  1964 | D:3      | Killed Jessica
  1974 | D:3      | 1974 ||| Stepping ~*~*~tactically~*~*~ (stealth).
  1980 | D:3      | 1980 ||| Stepping ~*~*~tactically~*~*~ (stealth).
  1987 | D:3      | Reached skill level 7 in Unarmed Combat
  2060 | D:3      | Found a shimmering altar of Xom.
  2062 | D:3      | Found a basalt altar of Yredelemnul.
  2210 | D:3      | 2210 ||| UPGRADING to ring of poison resistance.
  2211 | D:3      | 2211 ||| READING scroll labelled BUOSEXKAKEH.
  2212 | D:3      | 2212 ||| READING scroll labelled GOTEAGOSISCH.
  2237 | D:4      | 2237 ||| STAIRDANCE
  2257 | D:4      | 2257 ||| STAIRDANCE
  2285 | D:4      | 2285 ||| Stepping ~*~*~tactically~*~*~ (stealth).
  2450 | D:4      | 2450 ||| Stepping ~*~*~tactically~*~*~ (stealth).
  2452 | D:4      | 2452 ||| Stepping ~*~*~tactically~*~*~ (stealth).
  2454 | D:4      | Noticed Robin
  2455 | D:4      | 2455 ||| Stepping ~*~*~tactically~*~*~ (hiding).
  2456 | D:4      | 2456 ||| Stepping ~*~*~tactically~*~*~ (hiding).
  2466 | D:4      | 2466 ||| Stepping ~*~*~tactically~*~*~ (outnumbered).
  2483 | D:4      | Killed Robin
  2518 | D:4      | Found a staircase to the Ecumenical Temple.
  2630 | D:4      | 2630 ||| Stepping ~*~*~tactically~*~*~ (stealth).
  2830 | D:4      | 2830 ||| Stepping ~*~*~tactically~*~*~ (stealth).
  2831 | D:4      | 2831 ||| Stepping ~*~*~tactically~*~*~ (stealth).
  2889 | D:4      | 2889 ||| Stepping ~*~*~tactically~*~*~ (stealth).
  2908 | D:4      | 2908 ||| INVOKING Fiery Armour.
  3036 | D:4      | 3036 ||| Stepping ~*~*~tactically~*~*~ (hiding).
  3047 | D:4      | 3047 ||| INVOKING Fiery Armour.
  3055 | D:4      | Reached skill level 8 in Unarmed Combat
  3055 | D:4      | Reached XP level 7. HP: 36/66 MP: 7/7
  3056 | D:4      | 3056 ||| FLEEEEING.
  3057 | D:4      | 3057 ||| FLEEEEING.
  3058 | D:4      | 3058 ||| FLEEEEING.
  3059 | D:4      | 3059 ||| FLEEEEING.
  3060 | D:4      | 3060 ||| FLEEEEING.
  3061 | D:4      | 3061 ||| FLEEEEING.
  3062 | D:4      | 3062 ||| FLEEEEING.
  3063 | D:4      | 3063 ||| FLEEEEING.
  3064 | D:4      | 3064 ||| FLEEEEING.
  3065 | D:4      | 3065 ||| FLEEEEING.
  3066 | D:4      | 3066 ||| FLEEEEING.
  3067 | D:4      | 3067 ||| FLEEEEING.
  3068 | D:4      | 3068 ||| FLEEEEING.
  3069 | D:4      | 3069 ||| FLEEEEING.
  3070 | D:4      | 3070 ||| FLEEEEING.
  3072 | D:4      | 3072 ||| FLEEEEING.
  3073 | D:4      | 3073 ||| FLEEEEING.
  3267 | D:4      | 3267 ||| UPGRADING to +0 cloak.
  3272 | D:4      | 3272 ||| READING scroll labelled ATSUCWU ARACAAR.
  3307 | D:5      | Entered Level 5 of the Dungeon
  3313 | D:5      | Reached skill level 3 in Fighting
  3315 | D:5      | 3315 ||| Stepping ~*~*~tactically~*~*~ (stealth).
  3536 | D:5      | Reached skill level 9 in Unarmed Combat
  3622 | D:5      | Reached skill level 1 in Dodging
  3622 | D:5      | Reached XP level 8. HP: 58/75 MP: 8/8
  3845 | D:5      | 3845 ||| Stepping ~*~*~tactically~*~*~ (stealth).
  3896 | D:5      | 3896 ||| Stepping ~*~*~tactically~*~*~ (hiding).
  4087 | D:5      | 4087 ||| DROPPING scarf of harm.
  4088 | D:5      | 4088 ||| UPGRADING to amulet of guardian spirit.
  4093 | D:5      | 4093 ||| READING scroll labelled QAS IGHEIVARO.
  4096 | D:5      | 4096 ||| READING scroll labelled IHOAT YTHREESU.
  4097 | D:5      | 4097 ||| READING 2 scrolls of identify.
  4097 | D:5      | 4097 ||| IDENTIFYING coppery potion
  4122 | D:6      | 4122 ||| Stepping ~*~*~tactically~*~*~ (stealth).
  4134 | D:6      | 4134 ||| Stepping ~*~*~tactically~*~*~ (stealth).
  4140 | D:6      | 4140 ||| INVOKING Fiery Armour.
  4141 | D:6      | 4141 ||| Stepping ~*~*~tactically~*~*~ (outnumbered).
  4142 | D:6      | 4142 ||| Stepping ~*~*~tactically~*~*~ (outnumbered).
  4145 | D:6      | 4145 ||| Stepping ~*~*~tactically~*~*~ (outnumbered).
  4146 | D:6      | 4146 ||| Stepping ~*~*~tactically~*~*~ (outnumbered).
  4147 | D:6      | 4147 ||| Stepping ~*~*~tactically~*~*~ (outnumbered).
  4234 | D:6      | 4234 ||| Stepping ~*~*~tactically~*~*~ (hiding).
  4235 | D:6      | 4235 ||| Stepping ~*~*~tactically~*~*~ (hiding).
  4269 | D:6      | Reached skill level 10 in Unarmed Combat
  4754 | D:6      | Noticed Blork the orc
  4770 | D:6      | Killed Blork the orc
  4963 | D:6      | 4963 ||| READING 2 scrolls of identify.
  4963 | D:6      | 4963 ||| IDENTIFYING golden potion
  4970 | D:7      | 4970 ||| STAIRDANCE
  4982 | D:7      | 4982 ||| STAIRDANCE
  4991 | D:6      | 4991 ||| Stepping ~*~*~tactically~*~*~ (outnumbered).
  5007 | D:7      | 5007 ||| STAIRDANCE
  5022 | D:7      | 5022 ||| STAIRDANCE
  5129 | D:7      | Reached skill level 11 in Unarmed Combat
  5129 | D:7      | Reached XP level 9. HP: 84/84 MP: 9/9
  5130 | D:7      | 5130 ||| Stepping ~*~*~tactically~*~*~ (hiding).
  5131 | D:7      | 5131 ||| Stepping ~*~*~tactically~*~*~ (hiding).
  5132 | D:7      | 5132 ||| Stepping ~*~*~tactically~*~*~ (hiding).
  5141 | D:7      | 5141 ||| Stepping ~*~*~tactically~*~*~ (outnumbered).
  5155 | D:7      | 5155 ||| Stepping ~*~*~tactically~*~*~ (outnumbered).
  5249 | D:7      | 5249 ||| Stepping ~*~*~tactically~*~*~ (stealth).
  5254 | D:7      | Reached skill level 3 in Throwing
  5254 | D:7      | 5254 ||| FLEEEEING.
  5255 | D:7      | 5255 ||| FLEEEEING.
  5256 | D:7      | 5256 ||| FLEEEEING.
  5257 | D:7      | 5257 ||| FLEEEEING.
  5258 | D:7      | 5258 ||| FLEEEEING.
  5315 | D:7      | Reached skill level 12 in Unarmed Combat
  5504 | D:7      | 5504 ||| UPGRADING to +0 steam dragon scales.
  5514 | D:7      | 5514 ||| DROPPING +0 robe.
  5515 | D:7      | 5515 ||| UPGRADING to amulet of reflection.
  5525 | D:7      | 5525 ||| DROPPING amulet of guardian spirit.
  5526 | D:7      | 5526 ||| READING 2 scrolls labelled YNUANN RUFICIO.
  5527 | D:7      | 5527 ||| DRINKING 2 orange potions.
  5528 | D:7      | 5528 ||| READING 3 scrolls of identify.
  5528 | D:7      | 5528 ||| IDENTIFYING sedimented puce potion
  5529 | D:7      | 5529 ||| READING 2 scrolls of identify.
  5529 | D:7      | 5529 ||| IDENTIFYING glowing blue potion
  5530 | D:7      | 5530 ||| DROPPING potion of flight.
  5531 | D:7      | 5531 ||| DROPPING potion of brilliance.
  5532 | D:7      | 5532 ||| DROPPING scroll of blinking.
  5577 | D:8      | 5577 ||| Stepping ~*~*~tactically~*~*~ (stealth).
  5588 | D:8      | Reached skill level 1 in Armour
  5641 | D:8      | 5641 ||| INVOKING Fiery Armour.
  5790 | D:8      | Noticed Maurice
  5791 | D:8      | 5791 ||| Stepping ~*~*~tactically~*~*~ (hiding).
  5806 | D:8      | Killed Maurice
  6000 | D:8      | Noticed Joseph
  6001 | D:8      | 6001 ||| Stepping ~*~*~tactically~*~*~ (hiding).
  6013 | D:8      | Killed Joseph
  6014 | D:8      | Reached XP level 10. HP: 71/96 MP: 10/10
  6253 | D:8      | 6253 ||| UPGRADING to +0 cloak of willpower.
  6263 | D:8      | 6263 ||| DROPPING +0 cloak.
  6264 | D:8      | 6264 ||| READING scroll labelled PIPUCU CUPESU.
  6265 | D:8      | 6265 ||| DRINKING 2 emerald potions.
  6366 | D:8      | 6366 ||| READING 4 scrolls of identify.
  6366 | D:8      | 6366 ||| IDENTIFYING ruby potion
  6367 | D:8      | 6367 ||| READING 3 scrolls of identify.
  6367 | D:8      | 6367 ||| IDENTIFYING viscous sapphire potion
  6368 | D:8      | 6368 ||| DROPPING potion of degeneration.
  6369 | D:8      | 6369 ||| DROPPING potion of berserk rage.
  6370 | D:8      | 6370 ||| DROPPING potion of ambrosia.
  6410 | D:9      | Reached skill level 13 in Unarmed Combat
  6424 | D:9      | 6424 ||| Stepping ~*~*~tactically~*~*~ (stealth).
  6425 | D:9      | 6425 ||| Stepping ~*~*~tactically~*~*~ (outnumbered).
  6426 | D:9      | 6426 ||| Stepping ~*~*~tactically~*~*~ (stealth).
  6427 | D:9      | 6427 ||| Stepping ~*~*~tactically~*~*~ (stealth).
  6431 | D:9      | 6431 ||| Stepping ~*~*~tactically~*~*~ (stealth).
  6435 | D:9      | 6435 ||| INVOKING Fiery Armour.
  6438 | D:9      | 6438 ||| Stepping ~*~*~tactically~*~*~ (outnumbered).
  6441 | D:9      | 6441 ||| Stepping ~*~*~tactically~*~*~ (outnumbered).
  6450 | D:9      | 6450 ||| Stepping ~*~*~tactically~*~*~ (outnumbered).
  6452 | D:9      | 6452 ||| Stepping ~*~*~tactically~*~*~ (outnumbered).
  6453 | D:9      | 6453 ||| Stepping ~*~*~tactically~*~*~ (outnumbered).
  6454 | D:9      | 6454 ||| Stepping ~*~*~tactically~*~*~ (outnumbered).
  6455 | D:9      | 6455 ||| Stepping ~*~*~tactically~*~*~ (outnumbered).
  6457 | D:9      | 6457 ||| Stepping ~*~*~tactically~*~*~ (outnumbered).
  6467 | D:9      | HP: 22/96 [gnoll/+0 spear[a gnoll sergeant] (5)]
  6468 | D:9      | 6468 ||| READING scroll of teleportation.
  6468 | D:9      | HP: 10/96 [gnoll sergeant/+7 spear of venom (10)]
  6473 | D:9      | HP: 7/96 [poisoned by a gnoll sergeant]
  6636 | D:9      | Found an ancient bone altar of Kikubaaqudgha.
  6708 | D:9      | 6708 ||| FLEEEEING.
  6709 | D:9      | 6709 ||| FLEEEEING.
  6711 | D:9      | 6711 ||| FLEEEEING.
  6712 | D:9      | 6712 ||| FLEEEEING.
  6713 | D:9      | 6713 ||| FLEEEEING.
  6714 | D:9      | 6714 ||| FLEEEEING.
  6715 | D:9      | 6715 ||| FLEEEEING.
  6716 | D:9      | 6716 ||| FLEEEEING.
  6717 | D:9      | 6717 ||| FLEEEEING.
  6718 | D:9      | 6718 ||| FLEEEEING.
  6719 | D:9      | 6719 ||| FLEEEEING.
  6720 | D:9      | 6720 ||| FLEEEEING.
  6721 | D:9      | 6721 ||| FLEEEEING.
  6722 | D:9      | 6722 ||| FLEEEEING.
  6726 | D:9      | 6726 ||| FLEEEEING.
  6727 | D:9      | 6727 ||| FLEEEEING.
  6728 | D:9      | 6728 ||| FLEEEEING.
  6729 | D:9      | 6729 ||| FLEEEEING.
  6730 | D:9      | 6730 ||| FLEEEEING.
  6731 | D:9      | 6731 ||| FLEEEEING.
  6732 | D:9      | 6732 ||| FLEEEEING.
  6733 | D:9      | 6733 ||| FLEEEEING.
  6759 | D:9      | Noticed a deep elf pyromancer
  6760 | D:9      | 6760 ||| Stepping ~*~*~tactically~*~*~ (stealth).
  6776 | D:9      | 6776 ||| Stepping ~*~*~tactically~*~*~ (outnumbered).
  6779 | D:9      | 6779 ||| INVOKING Fiery Armour.
  6784 | D:9      | Noticed a brown ugly thing
  6785 | D:9      | 6785 ||| Stepping ~*~*~tactically~*~*~ (outnumbered).
  6787 | D:9      | HP: 23/95 [fire elemental[a deep elf pyromancer] (2)]
  6789 | D:9      | HP: 10/95 [fire elemental[a deep elf pyromancer] (3)]
  6793 | D:9      | Killed a deep elf pyromancer
  6793 | D:9      | HP: 3/95 [brown ugly thing (7)]
  6793 | D:9      | Splashed by a brown ugly thing's acid

Levels and vault maps discovered:
D:1:      amcnicky_arrival_underground_garden, layout_basic,
          nicolae_figureground_sparkle
D:2:      layout_rooms, serial_shops, shop, serial_glass, glass_columns_c,
          glass_columns_a, glass_columns_a, glass_columns_b,
          minmay_gold_behind_fungi, kennysheep_generic_room_5, uniq_sigmund,
          uniq_terence
D:3:      layout_loops_cross, minitemple, serial_shops,
          nicolae_shop_hallway_stairs, minmay_crystal_room, st_stairs_10,
          uniq_jessica, uniq_ijyb
D:4:      layout_loops_corners, minmay_temple_entry_waves, uniq_robin
D:5:      layout_basic
D:6:      layout_gridville, uniq_blork_the_orc
D:7:      layout_basic
D:8:      layout_loops_ring, uniq_joseph, uniq_maurice
D:9:      minmay_shrinking_squares, layout_basic, kennysheep_mini_moat

Skill      XL: |  1  2  3  4  5  6  7  8  9 10 |
---------------+-------------------------------+-----
Unarmed Combat | 4 6 8 9 11 12 13 | 13.4
Throwing       | 1 2 3 |  3.0
Fighting       | 3 4 5 |  5.2
Dodging        | 1 |  1.1
Armour         | 1 2 |  2.0
Spellcasting   | |  1.0
Fire Magic     | |  2.1

Action                   |  1- 3 |  4- 6 |  7- 9 | 10-12 || total
-------------------------+-------+-------+-------+-------++-------
Melee: Unarmed           |    67 |   179 |   267 |    70 ||   583
       Punch             |     2 |     2 |    12 |     2 ||    18
Throw: Javelin           |       |    26 |    41 |     5 ||    72
       Boomerang         |       |       |    20 |       ||    20
Invok: Fiery Armour      |       |     2 |     2 |     2 ||     6
  Use: Scroll            |     4 |     4 |     8 |     4 ||    20
       Potion            |       |     2 |     1 |     1 ||     4
Armor: Robe              |     7 |    51 |    90 |       ||   148
       Steam dragon scal |       |       |    12 |    51 ||    63
Dodge: Dodged            |    16 |    56 |    99 |    48 ||   219
Block: Other             |       |       |    10 |    29 ||    39
       Reflection        |       |       |     6 |     2 ||     8

Table legend:
 A = Non-vault XP
 B = Vault XP
 C = Vault XP percentage of total XP
 D = Non-vault monster count
 E = Vault monster count
 F = Vault count percentage of total count
                 A         B        C        D         E       F
            +---------+---------+-------+---------+---------+-------
      Total |    5523 |    2000 |  26.6 |     184 |      22 |  10.7
            +---------+---------+-------+---------+---------+-------
        D:1 |      51 |     214 |  80.8 |      26 |       1 |   3.7
        D:2 |      39 |      37 |  48.7 |      20 |       2 |   9.1
        D:3 |     102 |      74 |  42.0 |      14 |       3 |  17.6
        D:4 |     304 |      35 |  10.3 |      32 |      12 |  27.3
        D:5 |     811 |       0 |   0.0 |      13 |       0 |   0.0
        D:6 |     673 |      94 |  12.3 |      22 |       1 |   4.3
        D:7 |    1555 |       0 |   0.0 |      23 |       0 |   0.0
        D:8 |     793 |     941 |  54.3 |      16 |       2 |  11.1
        D:9 |    1195 |     605 |  33.6 |      18 |       1 |   5.3
            +---------+---------+-------+---------+---------+-------
